[Event "61st Mongolian-ch Open 2023"]
[Site "Khovd"]
[Date "2023.05.22"]
[Round "3.4"]
[White "Enkhnar, Enkhbaatar"]
[Black "Amartuvshin, Ganzorig"]
[Result "0-1"]
[ECO "E00"]
[WhiteElo "2360"]
[BlackElo "2407"]
[Annotator "TA"]
[PlyCount "104"]
[EventDate "2023.05.22"]
[EventType "tourn"]
[EventCountry "MGL"]
[SourceTitle "playchess.com"]
[Source "ChessBase"]
[SourceQuality "1"]
[TimeControl "40/5400+30:1800+30"]

1. c4 e6 2. d4 Nf6 3. g3 Bb4+ 4. Bd2 Qe7 5. Bg2 Nc6 6. a3 Bxd2+ {[%emt 0:00:17] E00: Catalan Bogo-Indian (3 g3 Bb4+).} 7. Qxd2 O-O 8. e3 a5 {[%emt 0:01:20] The position is equal.} 9. Ne2 d6 10. O-O e5 11. Nbc3 e4 (11... a4 $14) 12. Nf4 $16 Bf5 {[%emt 0:02:47] [#]} 13. Qc2 $146 ({Predecessor:} 13. Ncd5 Nxd5 14. Nxd5 Qd7 15. b4 Ne7 16. Nc3 Qc6 17. Rac1 axb4 18. axb4 Ra3 19. Nxe4 Bxe4 {1-0 Antunes,L (2123)-Piccoli,L (1904) Florianopolis op 3rd 2017 (2)}) 13... Rfe8 14. Rfc1 Nb8 15. Nfd5 Nxd5 16. cxd5 Nd7 17. Nb5 (17. Qb3 $14) 17... Rec8 (17... Rac8 $11) 18. Qb3 ({Better is} 18. Nxc7 $14 Nf6 19. Nxa8 Rxc2 20. Rxc2) 18... a4 19. Qb4 Nf6 20. Nc3 b6 21. Rc2 Ra5 22. Rac1 Bd7 23. Bf1 h5 24. h4 Kh7 25. Qc4 Kh6 26. Bg2 g6 27. Qf1 Bf5 28. Bh3 Bg4 (28... Bxh3 $11 29. Qxh3 Re8) 29. Bxg4 $14 hxg4 30. Nb5 $1 {[%emt 0:00:12][%cal Rc2c7][%mdl 64] Discovered Attack} Nxd5 31. Rc6 Rxb5 32. Qxb5 Qe6 33. Qxa4 g5 34. hxg5+ Kg6 (34... Kg7 $16 35. Qc4 Kg6) 35. Qb5 $18 {[%emt 0:03:18][%cal Oc6d6] Threatens to win with Rxd6!} Rh8 (35... Kh7 $142 36. R1c4 Kg7) 36. Qf1 $2 (36. Rxc7 $1 $18 {Hoping for Rd7.} Nxc7 37. Rxc7) 36... Kxg5 $14 37. Qg2 f5 38. Kf1 (38. Rd1 $14 {was preferrable.}) 38... Rh3 $11 39. Ke2 (39. R1c2 $14 {should be considered.}) 39... Qh6 (39... Qc8 $1 $11 {keeps the balance.}) 40. Kd2 $2 (40. Qf1 $16 {and life is bright.}) 40... Rh2 $19 41. Qf1 {[%emt 0:02:58] Black must now prevent Re1.} Kf6 $2 {[%emt 0:05:52] [#]} (41... Nxe3 $1 $19 42. Kxe3 Kg6+ 43. Ke2 f4 44. gxf4 (44. Rxc7 $2 {is the wrong capture.} f3+ 45. Kd1 Rh1 $19) 44... g3) 42. Qe2 {[%emt 0:01:16] [#]} (42. Re1 $1 $16) 42... Nxe3 $1 43. Kc3 {[%emt 0:01:19] [#]} Nd5+ {[%emt 0:01:00][%mdl 1088] Discovered Attack. Black has strong compensation.} 44. Kb3 {[%emt 0:00:08] Strongly threatening Qc4.} Qh7 {[%emt 0:02:44] ...Qg8 is the strong threat.} 45. Rf1 (45. a4 {might work better.} Qf7 46. Qe1) 45... Qf7 46. Kc2 $2 (46. a4 Ne3+ {[%mdl 64] Discovered Attack} 47. Ka3 Nxf1 48. Qxf1) 46... Qd7 {[%emt 0:00:19] Black is clearly winning.} 47. Rc4 b5 48. Rb4 {[%emt 0:00:18] White is weak on the light squares} (48. Rc3 $142 Nxc3 49. Kxc3) 48... Nxb4+ 49. axb4 Qc6+ 50. Kb1 Qc4 {[%emt 0:00:18] Prevents Rc1.} 51. Qxc4 bxc4 52. Kc1 {[%emt 0:00:04] [#]} f4 $1 {[%emt 0:00:12][%mdl 512] Weighted Error Value: White=0.79/Black=0.31} 0-1

[Event "61st Mongolian-ch Open 2023"]
[Site "Khovd"]
[Date "2023.05.22"]
[Round "3.5"]
[White "Munkhgal, Gombosuren"]
[Black "Munguntuul, Batkhuyag"]
[Result "1-0"]
[ECO "E01"]
[WhiteElo "2463"]
[BlackElo "2408"]
[Annotator "TA"]
[PlyCount "96"]
[EventDate "2023.05.22"]
[EventType "tourn"]
[EventCountry "MGL"]
[SourceTitle "playchess.com"]
[Source "ChessBase"]
[SourceQuality "1"]
[TimeControl "40/5400+30:1800+30"]

1. d4 d5 2. c4 c6 3. Nc3 Nf6 4. Nf3 e6 5. g3 dxc4 6. Bg2 b5 7. O-O Bb7 8. e4 Nbd7 ({Much weaker is} 8... b4 9. e5 $11) (8... Be7 $15) 9. e5 $11 {[%emt 0:00:25] E01: Catalan: Early deviations.} Nd5 10. Ng5 h6 {[%emt 0:03:38] [#]} (10... Nxc3 {simplifies} 11. bxc3 Be7 12. Ne4 O-O) 11. Nxe6 {[%emt 0:05:32] White has an edge.} fxe6 12. Qh5+ Ke7 (12... g6 $5 13. Qxg6+ Ke7 $11) 13. Ne4 $1 Qe8 14. Bg5+ $1 hxg5 15. Qxh8 {[%emt 0:00:06] Strongly threatening Nd6.} Kd8 16. Nxg5 Qe7 17. h4 {[%emt 0:00:48] Qg8 is the strong threat.} (17. Qh4 $5 ) 17... Kc7 {[%emt 0:06:49] [#]} 18. a4 $146 ({Predecessor:} 18. Bh3 Kb6 19. Nxe6 a5 20. Qh7 Ka7 21. Rfe1 b4 22. Qg6 Qe8 23. Nxf8 Nxf8 24. Qxg7 {½-½ Stupak,K (2453)-Karthikeyan,P (2346) Madurai Athens of the East op 2nd 2022 (5)}) 18... Kb6 19. Qg8 (19. Qh5 $14) 19... Re8 20. Bxd5 exd5 21. axb5 cxb5 22. f4 (22. Qh7 $11 {keeps the balance.}) 22... Nb8 ({Black should play} 22... a5 $17) 23. Rad1 (23. Qh7 $1 $11 {remains equal.}) 23... Nc6 $1 $17 24. Qh7 Qb4 $1 25. Qg6 Rc8 (25... Ra8 $142 26. Rb1 Qd2) 26. Qc2 {[%emt 0:04:21] [#]} c3 $2 27. bxc3 $14 (27. Qxc3 {simplifies} Qxc3 28. bxc3 Ba6 29. Ne6) 27... Qc4 28. Qb2 (28. Rf2 $16) 28... a5 (28... g6 $1 $11) 29. Ne6 (29. f5 $1 $14) 29... g6 $1 $11 30. h5 gxh5 31. Nxf8 Rxf8 32. f5 Bc8 33. e6 $1 Rg8 $2 {[%emt 0:03:13] [#]} (33... Rf6 $11 {and Black stays safe.}) 34. Kh2 $2 (34. Rf3 $1 $18) 34... h4 35. Rf3 hxg3+ 36. Kg2 (36. Rxg3 $2 {is the wrong capture.} Rf8 37. Re1 Ne7 $19) 36... Rf8 37. Re1 {[%emt 0:00:45] aiming for f6. Dancing on a razor blade.} Rf6 38. Qd2 {[%emt 0:01:05] Black must now prevent e7.} Ne7 $2 {[%emt 0:00:41][%mdl 8192] This move loses the game for Black.} (38... b4 $1 $11) 39. Qg5 $18 {[%emt 0:16:33] White is clearly winning.} Qa2+ 40. Kxg3 Rf8 (40... Nxf5+ $142 41. Rxf5 Rxf5 42. Qxf5 Qd2) 41. Qxe7 Rg8+ 42. Kf4 a4 43. Ke3 Bb7 44. Qc5+ Ka6 45. Qd6+ Ka7 46. Rf2 Qb3 47. Qc5+ Ka6 48. Qb4 Rg3+ {[%emt 0:16:47] Beautiful play by Munkhgal!   Weighted Error Value: White=0.24 (precise) /Black=0.41} 1-0

[Event "61st Mongolian-ch Open 2023"]
[Site "Khovd"]
[Date "2023.05.22"]
[Round "3.6"]
[White "Ulziikhishig Khishigbat"]
[Black "Bilguun, Sumiya"]
[Result "0-1"]
[ECO "D37"]
[WhiteElo "1601"]
[BlackElo "2474"]
[Annotator "TA"]
[PlyCount "148"]
[EventDate "2023.05.22"]
[EventType "tourn"]
[EventCountry "MGL"]
[SourceTitle "playchess.com"]
[Source "ChessBase"]
[SourceQuality "1"]
[TimeControl "40/5400+30:1800+30"]

1. d4 d5 2. c4 e6 3. Nc3 a6 4. cxd5 exd5 5. Nf3 Nf6 6. Bg5 {[%emt 0:00:47][%cal Bc1g5,Bg5h4,Bh4g3][%mdl 32] D37: Queen's Gambit Declined: 5 Bf4.} Be6 7. e3 Nbd7 8. Bd3 {[%emt 0:01:18] White has an edge.} c6 9. Qc2 Bd6 10. Bh4 Qc7 11. Bg3 Bg4 12. Nd2 O-O 13. O-O Bxg3 14. hxg3 {[%emt 0:00:29] [#]} Bh5 $146 ({Predecessor:} 14... Rfe8 15. Rfc1 Bh5 16. Na4 Bg6 17. b4 Rec8 18. Nc5 Ne8 19. Qd1 Bxd3 20. Nxd3 Nd6 {½-½ Johansson,L (2468)-Jogstad,M (2384) SWE-ch Uppsala 2022 (9)}) 15. Rfc1 Bg6 16. Rab1 Qd6 17. Na4 Rae8 18. b4 Bxd3 19. Qxd3 b5 20. Nc5 Nxc5 21. Rxc5 Nd7 22. Rc3 Nb6 23. Rc5 Qh6 24. Rbc1 Nc4 25. Nxc4 bxc4 26. Qa3 Re6 27. Re1 Qh5 {[%emt 0:02:17] Strongly threatening ...Rh6.} 28. Qxa6 $2 (28. e4 $1 $15) 28... Rh6 $19 29. Kf1 Qg4 $2 ({Better is} 29... Qh1+ $19 30. Ke2 Qxg2) 30. Kg1 $1 $11 (30. f3 Qxg3) 30... Qh5 $4 $40 {[%emt 0:00:11][%mdl 8320] Black attacks.} (30... Qg6 $11 31. Qa5 Qh5) 31. Kf1 $1 $19 Qh1+ {[%emt 0:02:09][%mdl 64] Deflection} 32. Ke2 Qxg2 33. Rxc6 (33. Qa3) 33... Rh2 $1 (33... Rh3 34. Rc8 g6 35. Rxf8+ Kxf8 36. Qf6 $11) 34. Rf1 Qe4 (34... Qxg3 35. Qc8 $15) 35. Qa3 Qc2+ 36. Ke1 Qb1+ $2 (36... Re8 $19 37. b5 h5) 37. Ke2 $17 Qc2+ (37... Qe4 $17 38. Qc3 (38. Kd2 $2 Qf5 $17) 38... h5) 38. Ke1 $19 {[%emt 0:00:04] White is now going downhill.} h5 39. b5 Rb8 40. Qb4 Ra8 (40... Qxa2 $142 {Threatens to win with ...Qc2.} 41. Qd2 Qb1+ 42. Ke2 Qxb5) 41. Qd2 $2 (41. a3 Re8 42. Qd2 Qb1+ 43. Ke2 Qxb5 44. Rc5) 41... Qb1+ (41... Qxa2 42. Qxa2 Rxa2 43. Kd1 $11) 42. Ke2 Qxb5 {[%emt 0:00:07] ( -> ...c3+)} (42... Qxa2 43. Qxa2 Rxa2+ 44. Kf3 $16) 43. Rc5 Qd7 44. Qc2 g6 45. a4 $2 (45. Qb2) 45... Rb8 $2 (45... Rxa4 46. Rxd5 Qg4+ 47. Kd2 Ra3) 46. Rb5 Rxb5 47. axb5 Qxb5 {[%emt 0:00:27][%mdl 4096] Endgame KQR-KQR} 48. Qb1 Qe8 49. Qb7 {[%emt 0:08:24] Against Qc8} Qd8 50. Qc6 $2 (50. Rb1 $17) 50... Kg7 51. e4 $2 (51. Qb7 {was called for.}) 51... h4 {[%emt 0:01:14] Hoping for ...Qb8.} (51... Qb8 $2 52. Qxd5 Qb2+ 53. Kf3 Qc3+ 54. Ke2 $19) 52. gxh4 (52. Qxd5 $142 Qxd5 53. exd5 hxg3 54. d6) 52... Rxh4 $2 (52... Qb8 53. Qd7 Qb2+ 54. Ke3 Qc3+ 55. Kf4 Rxh4+ 56. Ke5 Rxe4+ 57. Kd6 Qxd4) 53. Qxd5 Qxd5 54. exd5 Rxd4 {[%emt 0:00:25] KR-KR} 55. Rc1 Kf6 {[%emt 0:00:16] ...Ke5 is the strong threat.} (55... Rxd5 56. Rxc4 Kh6 57. Rc7 $15) 56. Ke3 $2 (56. d6 Ke6 57. d7) 56... Ke5 ({Weaker is} 56... Rxd5 57. Rxc4 g5 58. Kf3 $15) 57. d6 {[%emt 0:00:18] [#]} Kd5 $1 ({And not} 57... Rxd6 58. Rxc4 g5 59. Rc5+ Rd5 60. Rc3 $15) ({Stronger than} 57... Rd3+ 58. Ke2 $15) 58. Ra1 Rd3+ 59. Ke2 Kxd6 60. Ra7 Kc5 61. Rxf7 Rd6 {[%emt 0:00:04] Black mates.} 62. Rc7+ Kb4 63. Rb7+ Ka3 64. Rc7 {[%emt 0:00:06] [#]} Kb3 $1 65. Rb7+ Kc2 66. f4 c3 67. Rb5 Kc1 68. f5 gxf5 69. Rxf5 c2 70. Rb5 Re6+ 71. Kf2 Kd2 72. Rd5+ Kc3 73. Rc5+ Kd3 74. Rc8 Re4 {[%emt 0:00:11] Weighted Error Value: White=0.73/Black=0.67} 0-1

[Event "61st Mongolian-ch Open 2023"]
[Site "Khovd"]
[Date "2023.05.24"]
[Round "6.1"]
[White "Erdene, Ganzorig"]
[Black "Chinguun, Sumiya"]
[Result "1/2-1/2"]
[ECO "A45"]
[WhiteElo "2278"]
[BlackElo "2298"]
[Annotator "TA"]
[PlyCount "127"]
[EventDate "2023.05.22"]
[EventType "tourn"]
[EventCountry "MGL"]
[SourceTitle "playchess.com"]
[Source "ChessBase"]
[SourceQuality "1"]
[TimeControl "40/5400+30:1800+30"]

1. d4 Nf6 2. Bf4 g6 3. Nc3 d5 4. e3 Bg7 5. h4 h5 6. Nf3 {[%emt 0:00:42] A45: Trompowsky Attack.} (6. Nb5 $5 Na6 $8 7. Nc3 $11) 6... Bg4 7. Be2 Bxf3 8. Bxf3 {[%emt 0:00:10] The position is equal.} c6 9. O-O {[%emt 0:04:57] [#]} O-O $146 ({Predecessor:} 9... Nbd7 10. e4 e6 11. Re1 Nb6 12. Be5 O-O 13. Bxf6 Qxf6 14. e5 Qxh4 15. g3 Qe7 {0-1 Munkhgal,G (2463)-Hansen,E (2606) Titled Tuesday intern op 16th Aug Early blitz 2022 (8)}) 10. Qe2 (10. Re1 $5 ) 10... Nbd7 11. Rad1 Qb6 12. b3 Qa5 13. Qd2 {[%emt 0:00:26][%cal Oc3d5] Threatening Nxd5!} Qa3 14. Qc1 (14. Nb1 $5 Qa6 15. c4 $14) 14... Qb4 15. Qb2 Rfe8 16. a3 Qb6 17. Na4 Qa5 18. Qc3 Qxc3 19. Nxc3 e5 20. dxe5 Nxe5 21. Be2 Neg4 22. Rd3 Nd7 23. Nb1 Nc5 {[%emt 0:02:38] Excellent horsemanship.} 24. Rdd1 Ne6 25. Bg3 f5 26. Nd2 d4 27. Bxg4 hxg4 28. Nc4 dxe3 29. fxe3 Nc5 30. Bf4 b5 31. Nd6 Re7 (31... Re6 $11 {keeps the balance.}) 32. h5 (32. Nxf5 $5 gxf5 33. Bd6 {[%mdl 64] Discovered Attack, Double Attack} Rxe3 34. Bxc5 $16) 32... Kh7 ({Black should play} 32... gxh5 $14 33. Nxf5 Re6) 33. hxg6+ $16 Kxg6 {[%emt 0:00:50] [#]} 34. Nxf5 $1 {[%emt 0:00:25][%mdl 576] Decoy, Clearance} Re6 35. Nxg7 Kxg7 36. Rd6 Rae8 37. Rfd1 a5 38. R1d4 Ne4 39. Rxe6 Rxe6 {[%emt 0:01:35][%mdl 4096] Endgame KRB-KRN} 40. Bc7 Nf6 (40... c5 $16 41. Rd7+ Kf8) 41. Kf2 Ne4+ 42. Ke1 c5 43. Rd7+ Kg6 44. Bxa5 Nf6 {[%emt 0:00:12] [#]} 45. Rd3 ({White should try} 45. Rb7 $1 $18) 45... c4 $1 $14 46. bxc4 bxc4 47. Rd4 {[%emt 0:00:20][%cal Oe1e2] Threatens to win with Ke2!} Rxe3+ 48. Kf2 Rxa3 49. Bd8 Kf5 50. Bxf6 Kxf6 51. Rxc4 $11 {[%emt 0:00:49] KR-KR} Kf5 52. c3 {[%emt 0:01:29] Kg3 is the strong threat.} Ra2+ $1 53. Kg3 Rc2 54. Rf4+ Ke5 55. Rf2 Rxc3+ 56. Kxg4 {[%emt 0:00:12] Black must now prevent Rf8.} Rc8 {[%emt 0:00:14] Against Rf8} 57. Rf5+ Ke6 58. Kf4 Rg8 59. g4 {[%emt 0:00:30] Hoping for g5.} Rg7 60. Ra5 {[%emt 0:00:48] Strongly threatening Ra6+.} Rg8 61. Rf5 {[%emt 0:03:55] aiming for g5.} Rg7 62. Rf8 Ke7 $1 63. Ra8 {[%emt 0:00:37] White threatens Ra7+ and mate.} Rg6 $1 {[%emt 0:00:11] [#]} 64. Ke4 $2 {[%emt 0:28:02] Weighted Error Value: White=0.12 (very precise) /Black=0.11 (very precise)} (64. Ra5 $1 $18 Kf8 65. Ra7) 1/2-1/2

[Event "61st Mongolian-ch Open 2023"]
[Site "Khovd"]
[Date "2023.05.24"]
[Round "6.2"]
[White "Amartuvshin, Ganzorig"]
[Black "Amilal Munkhdalai"]
[Result "1/2-1/2"]
[ECO "E12"]
[WhiteElo "2407"]
[BlackElo "2141"]
[Annotator "TA"]
[PlyCount "183"]
[EventDate "2023.05.22"]
[EventType "tourn"]
[EventCountry "MGL"]
[SourceTitle "playchess.com"]
[Source "ChessBase"]
[SourceQuality "1"]
[TimeControl "40/5400+30:1800+30"]

1. d4 Nf6 2. c4 e6 3. Nf3 b6 4. a3 Bb7 5. Nc3 d5 6. cxd5 Nxd5 7. Qc2 Nxc3 8. bxc3 Nd7 9. e4 Be7 10. Bd3 c5 11. Bf4 O-O 12. O-O cxd4 13. cxd4 Rc8 {[%emt 0:00:37] E12: Queen's Indian: Unusual White 4th moves, 4 a3, 4 Nc3 Bb7 5 a3 and 4 Nc3 Bb7 .} 14. Qe2 Nf6 15. Bd2 Rc7 {[%emt 0:01:38] White is slightly better.} 16. a4 Qa8 17. Rfe1 a5 $1 18. Rab1 Qa7 {[%emt 0:03:02] [#]} 19. Ne5 $146 ({Predecessor:} 19. h4 Rd8 20. h5 Nxh5 21. d5 exd5 22. e5 g6 23. e6 f5 24. Nd4 Rc4 25. Nxf5 Ba6 26. Bxc4 dxc4 27. Nxe7+ Qxe7 28. Bc3 {1-0 Zakharevich,I (2345)-Zaitsev,I (2450) Cherepovets 1993}) 19... Rd8 20. Qe3 {[%emt 0:01:06] White is more active.} (20. Nxf7 {feels hotter.} Kxf7 21. e5 Ng8 22. Bxh7 Rxd4 23. Be3) 20... Ba6 21. Bxa6 (21. Rec1 $5 Rdc8 22. Rxc7 Rxc7 23. d5 exd5 24. exd5 (24. Rxb6 $2 d4 $19) (24. Qxb6 Qxb6 25. Rxb6 Bxd3 $15) (24. Bxa6 Qxa6 25. exd5 Nxd5 $15) 24... Nxd5 25. Bxh7+ {[%mdl 64] Decoy} (25. Qf3 Nf6 $11) 25... Kxh7 26. Qe4+ Kg8 27. Qxd5 $14) 21... Qxa6 22. Rb5 Bd6 23. Nf3 Bf8 24. Qb3 Qa8 25. Qb1 Rc4 26. Rxb6 Rxa4 27. Qb5 Ra3 28. Ra6 Qb8 29. Qxb8 Rxb8 30. Rxa5 (30. Bxa5 $2 {perishes.} Rb5 31. Ne5 (31. e5 $2 Nd5 $19) 31... Rbxa5 $19) 30... Rxa5 31. Bxa5 Bb4 ({Black should try} 31... Ra8 $14 32. Bd2 h6) 32. Bxb4 (32. Rb1 $16 Bd6 33. Rxb8+ Bxb8 34. e5) 32... Rxb4 $16 {[%emt 0:00:06][%mdl 4096] Endgame KRN-KRN} 33. h3 h6 34. Kf1 g5 35. Re3 Kg7 36. Ke2 Ra4 37. g3 Kg8 38. Kf1 Kg7 39. Kg2 Rb4 40. e5 Nd5 41. Rd3 Kg6 42. Nd2 Kf5 43. Kf3 h5 44. Ke2 Ra4 45. Nb3 g4 46. hxg4+ hxg4 47. Nc5 Rb4 48. Rd2 Rb1 49. Kd3 Nb4+ 50. Kc4 Nd5 51. Kd3 Nb4+ 52. Ke2 Nd5 53. Rc2 Rb4 54. Kd3 Rb1 {[%emt 0:00:18] [#] Threatens to win with ...Nb4+.} 55. Ke2 Rb4 56. Rd2 Rb1 57. Rd3 Rb2+ 58. Rd2 Rb1 59. f4 Nc3+ 60. Kd3 Nd5 {[%emt 0:02:22] [#] Strongly threatening ...Rg1.} 61. Rh2 Rd1+ 62. Kc4 {[%emt 0:00:13] And now Rh5+ would win.} Ne3+ 63. Kc3 {[%emt 0:00:10] Rh5+ is the strong threat.} Nd5+ 64. Kb3 Kg6 65. Rh8 Kg7 66. Rh5 Rxd4 67. Rg5+ Kf8 68. Rxg4 Rb4+ 69. Ka3 Rc4 70. Nb7 Rc3+ 71. Kb2 Rf3 72. Nd6 Ne3 73. Rg5 Nf1 74. f5 Rxg3 75. Rh5 Rg2+ 76. Ka3 Rh2 77. Rg5 {[%emt 0:00:23] Hoping for f6.} Nd2 78. fxe6 fxe6 79. Rg6 Ke7 80. Rg7+ Kd8 81. Rg3 Re2 82. Kb4 Kd7 83. Rd3 {[%emt 0:00:23] Nc4+ would be deadly.} Kc6 84. Rc3+ Kd7 85. Nf7 Ne4 86. Ra3 Rc2 87. Rh3 Kc6 88. Rd3 Rd2 89. Ra3 Rd4+ 90. Kb3 Rd3+ 91. Kb2 (91. Kb4 $5 Rd4+ 92. Kb3 $11) 91... Rxa3 92. Kxa3 {[%emt 0:00:05] Weighted Error Value: White=0.07 (flawless) /Black=0.05 (flawless)} 1/2-1/2

[Event "61st Mongolian-ch Open 2023"]
[Site "Khovd"]
[Date "2023.05.24"]
[Round "6.3"]
[White "Gan-Erdene, Sugar"]
[Black "Ulziikhishig Khishigbat"]
[Result "0-1"]
[ECO "A84"]
[WhiteElo "2420"]
[BlackElo "1601"]
[Annotator "TA"]
[PlyCount "96"]
[EventDate "2023.05.22"]
[EventType "tourn"]
[EventCountry "MGL"]
[SourceTitle "playchess.com"]
[Source "ChessBase"]
[SourceQuality "1"]
[TimeControl "40/5400+30:1800+30"]

1. d4 e6 2. c4 b6 3. Nf3 Bb7 4. g3 f5 5. Bg2 Bb4+ 6. Nc3 Nf6 7. O-O Bxc3 8. bxc3 O-O {[%emt 0:00:09] A84: Dutch Defence: 2 c4 Miscellaneous.} 9. Ba3 Re8 {[%emt 0:00:35] [#]} 10. Qc2 $146 ({Predecessor:} 10. Re1 d6 11. d5 exd5 12. Nh4 Qd7 13. cxd5 Na6 14. c4 Nc5 15. Bh3 g6 16. Qd4 {1-0 Rudolf,M (2358)-Adrian,C (2246) Portoroz op 11th 2017 (6)}) 10... Be4 {[%emt 0:01:14] Black has an edge.} 11. Qc1 d6 12. Bh3 Bxf3 13. exf3 Nc6 14. Qd1 Na5 15. Qd3 Qd7 16. Bb4 Nb7 17. d5 g6 18. a4 a5 19. Ba3 Qf7 (19... Qxa4 $6 20. Bxd6 Qd7 21. Be5 $11) (19... exd5 $6 20. cxd5 Qxa4 21. c4 $15 (21. Bxd6 Qd7 $17)) 20. Rfd1 e5 21. Re1 e4 22. Qd1 {[%emt 0:10:18] [#]} (22. fxe4 $17 Nxe4 23. Bc1) 22... exf3 $1 $19 23. Qxf3 Nd7 24. Bg2 Nbc5 {[%emt 0:00:39] Dodges Re6} 25. Bxc5 {[%emt 0:09:09] Strongly threatening Bd4.} Nxc5 26. Red1 (26. Re6 {is a better defense.}) 26... Re4 27. Bf1 Rae8 28. Bd3 Nxd3 29. Qxd3 f4 30. Qf1 f3 31. Rd4 Rxd4 32. cxd4 {[%emt 0:00:04][%cal Oc4c5][%mdl 4096] Endgame KQR-KQR} Re2 33. Qh3 (33. c5 {might work better.}) 33... Qe7 34. Kf1 {[%emt 0:01:46] Now White is beyond hope.} (34. Rf1 $17) 34... Kg7 35. g4 Qe4 36. g5 Qd3 {[%emt 0:00:11][%cal Oe2e1] [#] ( -> ...Re1+!)} (36... Qxd4 $2 37. Qxf3 Re5 38. Qf6+ Kg8 39. Qd8+ Kf7 40. Ra3 (40. Rc1 $2 Qd2 $19) 40... Qxc4+ 41. Kg2 $19) 37. Kg1 Qxd4 {[%emt 0:00:13] Active counter play!} (37... Qxc4 $2 {is the wrong capture.} 38. Qxf3 (38. Qd7+ $2 Kf8 $19) 38... Re8 39. h4 $19) 38. Qd7+ Kf8 39. Rf1 Re7 40. Qh3 Qf4 (40... Qxc4 $2 41. Qxf3+ Kg8 42. Qd1 $19) 41. Kh1 Qxc4 {[%emt 0:02:39] Black is clearly winning.} 42. Qxf3+ Rf7 43. Qd1 Rf5 44. f3 Qxd5 (44... Rxg5 $2 {too greedy.} 45. Qa1 Kg8 46. Re1 Rxd5 47. Re7 $19) 45. Qe2 Rxg5 46. Rc1 Qf7 47. Qe4 Rc5 48. Re1 Re5 {[%emt 0:00:16] Weighted Error Value: White=0.35/Black=0.07 (flawless)} 0-1

[Event "61st Mongolian-ch Open 2023"]
[Site "Khovd"]
[Date "2023.05.24"]
[Round "6.4"]
[White "Munguntuul, Batkhuyag"]
[Black "Bulgankhan Ganzorig"]
[Result "1-0"]
[ECO "B90"]
[WhiteElo "2408"]
[BlackElo "2017"]
[Annotator "TA"]
[PlyCount "73"]
[EventDate "2023.05.22"]
[EventType "tourn"]
[EventCountry "MGL"]
[SourceTitle "playchess.com"]
[Source "ChessBase"]
[SourceQuality "1"]
[TimeControl "40/5400+30:1800+30"]

1. e4 c5 2. Nf3 d6 3. d4 cxd4 4. Nxd4 Nf6 5. Nc3 a6 6. Nb3 e6 {[%emt 0:01:05] B90: Sicilian Najdorf: Unusual White 6th moves, 6 Be3 Ng4 and 6 Be3 e5.} 7. g4 h6 8. h4 b5 {[%emt 0:01:21] The position is equal.} 9. Bg2 {[%emt 0:00:24][%cal Oe4e5] Black must now prevent e5!} Bb7 10. a3 {[%emt 0:03:23] [#]} Nfd7 $146 ({Predecessor:} 10... Nc6 11. Qe2 Ne5 12. g5 hxg5 13. Bxg5 Rc8 14. Rh3 Qc7 15. O-O-O Nc4 16. f4 Nh5 {0-1 Mai,A (2207)-Averin,N (2060) Arandjelovac ASK-4 IM 2022 (8)}) 11. Bf4 Ne5 12. Qe2 Nbd7 13. O-O-O Qc7 14. Rh3 Be7 15. Kb1 Nc4 16. Bc1 Bf6 17. Na2 (17. f4 $5 ) 17... g6 (17... g5 $11) 18. f4 {[%emt 0:01:58][%cal Oe4e5] White stays focused until the end.} h5 {[%emt 0:01:28] [#]} 19. e5 $1 dxe5 {[%emt 0:02:27] [#]} (19... hxg4 20. Qxg4) 20. Rxd7 $1 {[%emt 0:00:11][%mdl 64] Decoy} Qxd7 (20... Kxd7 $2 21. Bxb7 Ra7 22. Be4 $18) 21. Nc5 $1 Qc7 22. Nxb7 {[%emt 0:00:55] Hoping for fxe5. Excellent horsemanship.} (22. Bxb7 Ra7 23. Ne4 (23. Nxa6 $2 Qxb7 24. Nc5 Qc7 $19) 23... Be7 24. gxh5 Rxh5 $17) 22... Rb8 ({Better is} 22... hxg4 23. Qxg4 Ra7) 23. g5 $36 {[%emt 0:06:25][%mdl 2048] White is in control.} Be7 (23... Bg7 $16) 24. b3 $18 Nxa3+ 25. Bxa3 Bxa3 26. b4 (26. Qxe5 $6 Qxe5 27. fxe5 Be7 $18) 26... O-O $2 (26... Rxb7 {was necessary.} 27. Bxb7 (27. Rxa3 Ra7 $16) (27. fxe5 Qb6 $11) 27... Qxb7 28. Qxe5 (28. Rxa3 exf4 29. Qe5 O-O $18) 28... O-O 29. Rxa3 Rc8) 27. Rxa3 Rxb7 28. Bxb7 ({And not} 28. Rxa6 Ra7 29. Qxb5 (29. Qxe5 $2 {too greedy.} Qxe5 30. fxe5 Rxa6 $19) 29... Rxa6 30. Qxa6 exf4 $14) (28. Qxe5 Qxe5 29. fxe5 Rc7 $11) 28... Qxb7 29. Qxe5 Rd8 30. Nc3 {[%emt 0:00:15][%cal Ba2c3,Bc3e4,Be4f6][%mdl 32] Against Qd5} Qh1+ (30... Qe7 $142 31. Qe4 Qa7) 31. Kb2 {[%emt 0:00:02] Ne4 is the strong threat.} Qxh4 32. Rxa6 {[%emt 0:01:12] White mates.} Qg3 33. Ne4 Qg1 34. Ra1 Qg2 35. Ra7 Qg1 36. Nf6+ Kf8 {[%emt 0:00:45] [#]} 37. Rxf7+ $3 {[%emt 0:00:26][%mdl 576] Decoy.   Weighted Error Value: White=0.05 (flawless) /Black=0.49} 1-0